 Dungeon Crawl Stone Soup version 0.31.0-9-g3a7656b989 (webtiles) character file.

Game seed: 14903568660763653440

595 qw the Shooter (level 7, -1/35 HPs)
             Began as a Spriggan Hunter on Feb 2, 2024.
             Slain by a gnoll
             ... wielding a +0 flail
             ... led by a gnoll bouda
              (6 damage)
             ... on level 5 of the Dungeon.
             The game lasted 00:00:17 (3429 turns).

qw the Shooter (Spriggan Hunter)                    Turns: 3429, Time: 00:00:18

Health: -1/35      AC:  2    Str:  7    XL:     7   Next: 16%
Magic:  8/8        EV: 22    Int: 11    God:
Gold:   125        SH:  0    Dex: 20    Spells: 6/6 levels left

rFire   . . .        a - +1 shortbow
rCold   . . .        (shield currently unavailable)
rNeg    . . .        c - +0 robe
rPois   +            (helmet restricted)
rElec   .            (no cloak)
rCorr   .            (gloves unavailable)
SInv    +            (boots unavailable)
Will    +....        f - amulet of the acrobat
Stlth   ++           d - ring of poison resistance
HPRegen 0.25/turn    (no ring)
MPRegen 0.11/turn

%: acrobat
@: about to teleport, weakened, very quick
A: very small, no large weapons, unfitting armour, see invisible, speed 3
a: no special abilities


You were on level 5 of the Dungeon.
You visited 1 branch of the dungeon, and saw 5 of its levels.

You collected 125 gold pieces.


Innate Abilities, Weirdness & Mutations

You are very small and have problems with some larger weapons.
You are too small for most types of armour.
You have supernaturally acute eyesight. (SInv)
You cover ground extremely quickly. (Speed+++)


   Skills:
 - Level 2.1 Fighting
 - Level 7.1 Ranged Weapons
 + Level 6.6 Dodging
 - Level 1.5 Stealth


You had 6 spell levels left.
You didn't know any spells.
Your spell library was empty.

Inventory:

Hand Weapons
 a - a +1 shortbow (weapon)
Armour
 c - a +0 robe (worn)
Jewellery
 d - a ring of poison resistance (left hand)
 f - an amulet of the acrobat (around neck)
Wands
 h - a wand of flame (20)
Scrolls
 i - 4 scrolls of teleportation
Potions
 e - a potion of might
 j - 2 potions of heal wounds {unknown}

Dungeon Overview and Level Annotations

Branches:
Dungeon (5/15)
 Temple: D:4-7

Altars:
Cheibriados
Makhleb
Sif Muna
Uskayaw

Shops:
D:1 :   D:2 =

Annotations:
D:2 1 runed translucent door, Crazy Yiuf


Message History

The arrow hits the gnoll.
The gnoll is moderately wounded.
The gnoll bouda gazes fiercely through you!
You feel as though you will be weak longer.
The gnoll misses you.
You shoot an arrow. The arrow hits the gnoll.
The gnoll is heavily wounded.
The gnoll bouda calls upon its god to heal the gnoll.
The gnoll is healed somewhat.
The gnoll barely misses you. The gnoll closely misses you.
You shoot an arrow. The arrow hits the gnoll.
The gnoll is moderately wounded.
The gnoll bouda hits you with a +0 club!
The gnoll closely misses you. The gnoll completely misses you.
You shoot an arrow. The arrow hits the gnoll.
The gnoll is heavily wounded.
The gnoll bouda misses you. The gnoll hits you with a +0 flail.
The gnoll misses you.
You shoot an arrow. The arrow hits the gnoll.
The gnoll is severely wounded.
The gnoll bouda barely misses you. The gnoll barely misses you.
The gnoll misses you. The gnoll hits you with a +0 flail!
You shoot an arrow. The arrow hits the gnoll.
The gnoll is severely wounded.
The gnoll bouda calls upon its god to heal the gnoll.
The gnoll is healed somewhat.
The gnoll closely misses you. The gnoll hits you with a +0 flail.
The gnoll closely misses you. The gnoll bouda barely misses you.
You shoot an arrow. The arrow barely misses the gnoll.
The gnoll is no longer moving quickly.
The gnoll completely misses you. The gnoll hits you with a +0 flail!
The gnoll closely misses you.
The gnoll bouda gazes fiercely through you!
You feel as though you will be weak longer.
The gnoll bouda barely misses you.
3429 ||| READING 5 scrolls of teleportation.
As you read the scroll of teleportation, it crumbles to dust.
You feel strangely unstable. The gnoll misses you.
The gnoll closely misses you. The gnoll hits you with a +0 flail.
You die...

#### #..# #..## . ##
#...# #. #####.# ##..##
#.#.g..# #...## #..g@##
##...## ##..gg.###
#..... #..%.....###
#.....
#.....##.....######.....
....)# ###......##...###
..... ####.......## ###.
###....## #. ##.....#
###.#.#


You could see a gnoll bouda and 3 gnolls.

Vanquished Creatures
  A black bear (D:4)
  2 ogres
  An orc priest (D:4)
  An iguana (D:5)
  An orc wizard (D:3)
  6 gnolls
  8 adders
  3 dart slugs
  2 ribbon worms (D:2)
  12 orcs
  7 bats
  6 endoplasms
  5 giant cockroaches
  14 goblins
  5 hobgoblins
  2 jackals (D:4)
  7 kobolds
  3 quokkas
  6 ball pythons
  A frilled lizard (D:2)
  11 rats
104 creatures vanquished.

Notes
Turn   | Place    | Note
-------+----------+-------------------------------------------
     0 | D:1      | qw the Spriggan Hunter began the quest for the Orb.
     0 | D:1      | Reached XP level 1. HP: 10/10 MP: 2/2
     0 | D:1      | 0 ||| qw: Version: 0.3-a-155-g5e7d8dd
     0 | D:1      | 0 ||| qw: Game counter: 800
     0 | D:1      | 0 ||| qw: Melee chars always use a shield: true
     0 | D:1      | 0 ||| qw: God list: Okawaru
     0 | D:1      | 0 ||| qw: Allow faded altars: false
     0 | D:1      | 0 ||| qw: Do Orc after clearing Dungeon:15 true
     0 | D:1      | 0 ||| qw: Do second Lair branch before Depths: true
     0 | D:1      | 0 ||| qw: Lair rune preference: random
     0 | D:1      | 0 ||| qw: Goals: Normal
     0 | D:1      | 0 ||| PLANNING D:1-11
    79 | D:1      | Found Lurau's Vocational Training.
    81 | D:1      | Reached skill level 3 in Dodging
   156 | D:1      | Reached XP level 2. HP: 14/14 MP: 3/3
   623 | D:1      | 623 ||| UPGRADING to amulet of the acrobat.
   628 | D:1      | 628 ||| READING scroll labelled NAODEA ARGHU.
   632 | D:1      | 632 ||| READING scroll labelled AXETIO YPOWAICH.
   632 | D:1      | 632 ||| IDENTIFYING viscous coppery potion
   633 | D:1      | 633 ||| DRINKING 2 orange potions.
   634 | D:1      | 634 ||| DRINKING lumpy puce potion.
   635 | D:1      | 635 ||| DRINKING lumpy silvery potion.
   636 | D:1      | 636 ||| DROPPING scroll of butterflies.
   637 | D:1      | 637 ||| DROPPING potion of ambrosia.
   638 | D:1      | 638 ||| DROPPING potion of attraction.
   711 | D:2      | Reached XP level 3. HP: 18/18 MP: 4/4
   740 | D:2      | Identified the +6 dagger "Xaoblun" {drain, Int+6}
   742 | D:2      | Found Naugoapt's Jewellery Emporium.
   764 | D:2      | Found a shimmering blue altar of Sif Muna.
   766 | D:2      | 766 ||| SHOPLISTING +4 ring of protection (432 gold, have
                  | 43).
   766 | D:2      | 766 ||| SHOPLISTING +6 ring of dexterity (432 gold, have
                  | 43).
   766 | D:2      | 766 ||| SHOPLISTING amulet of faith (480 gold, have 43).
   766 | D:2      | 766 ||| SHOPLISTING amulet of guardian spirit (360 gold,
                  | have 43).
   766 | D:2      | 766 ||| SHOPLISTING amulet of reflection (360 gold, have
                  | 43).
   766 | D:2      | 766 ||| SHOPLISTING ring "Biapip" {rF+ rN+ MP+9 Int-3 SInv}
                  | (549 gold, have 43).
   766 | D:2      | 766 ||| SHOPLISTING ring "Boazot" {Str+6 Dex+3} (591 gold,
                  | have 43).
   766 | D:2      | 766 ||| SHOPLISTING ring of fire (300 gold, have 43).
   766 | D:2      | 766 ||| SHOPLISTING ring of poison resistance (240 gold,
                  | have 43).
   939 | D:2      | Found a runed translucent door.
   940 | D:2      | Noticed Crazy Yiuf
  1004 | D:2      | Reached skill level 5 in Ranged Weapons
  1009 | D:2      | Reached XP level 4. HP: 22/22 MP: 5/5
  1285 | D:2      | 1285 ||| READING scroll labelled VIKUEC HYPH.
  1286 | D:2      | 1286 ||| READING scroll labelled DUCUIV SEACU.
  1286 | D:2      | 1286 ||| ENCHANTING +0 shortbow.
  1287 | D:2      | 1287 ||| READING 2 scrolls labelled INUCAC PATHREPI.
  1288 | D:2      | 1288 ||| DROPPING scroll of noise.
  1436 | D:3      | Reached XP level 5. HP: 18/26 MP: 6/6
  1619 | D:3      | 1619 ||| FLEEEEING.
  1638 | D:3      | Noticed a +0 dagger
  1638 | D:3      | Noticed a +0 short sword
  1638 | D:3      | Noticed a +0 falchion
  1650 | D:3      | Found a hide-covered altar of Uskayaw.
  1651 | D:3      | Noticed a +0 falchion
  1651 | D:3      | Noticed a +0 short sword
  1653 | D:3      | Noticed a +0 spear
  1654 | D:3      | Noticed a +0 dagger
  1654 | D:3      | Noticed a +0 spear
  1655 | D:3      | 1655 ||| UPGRADING to ring of poison resistance.
  1656 | D:3      | 1656 ||| READING scroll labelled JOOXAIK PINERE.
  1657 | D:3      | 1657 ||| READING scroll labelled JIGRIU AKUI.
  1726 | D:3      | 1726 ||| READING scroll labelled MIAS VOXIPSU.
  1786 | D:3      | 1786 ||| FLEEEEING.
  1787 | D:3      | 1787 ||| FLEEEEING.
  1788 | D:3      | 1788 ||| FLEEEEING.
  1789 | D:3      | 1789 ||| FLEEEEING.
  1790 | D:3      | 1790 ||| FLEEEEING.
  1792 | D:3      | 1792 ||| FLEEEEING.
  1793 | D:3      | 1793 ||| FLEEEEING.
  1794 | D:3      | 1794 ||| FLEEEEING.
  1796 | D:3      | 1796 ||| FLEEEEING.
  1797 | D:3      | 1797 ||| FLEEEEING.
  1801 | D:3      | 1801 ||| FLEEEEING.
  1802 | D:3      | 1802 ||| FLEEEEING.
  1804 | D:3      | 1804 ||| FLEEEEING.
  1805 | D:3      | 1805 ||| FLEEEEING.
  1806 | D:3      | 1806 ||| FLEEEEING.
  1810 | D:3      | 1810 ||| FLEEEEING.
  1811 | D:3      | 1811 ||| FLEEEEING.
  1813 | D:3      | 1813 ||| FLEEEEING.
  1814 | D:3      | 1814 ||| FLEEEEING.
  1815 | D:3      | 1815 ||| FLEEEEING.
  1816 | D:3      | 1816 ||| FLEEEEING.
  1818 | D:3      | 1818 ||| FLEEEEING.
  1819 | D:3      | 1819 ||| FLEEEEING.
  1821 | D:3      | 1821 ||| FLEEEEING.
  1822 | D:3      | 1822 ||| FLEEEEING.
  1823 | D:3      | 1823 ||| FLEEEEING.
  2055 | D:3      | Found a burning altar of Makhleb.
  2103 | D:3      | Noticed an ogre
  2114 | D:3      | Killed an ogre
  2115 | D:3      | Reached skill level 6 in Ranged Weapons
  2115 | D:3      | Reached XP level 6. HP: 18/30 MP: 7/7
  2420 | D:4      | Identified the +4 spear "Ycriz" {vamp, rElec rN+ Int-2}
  2563 | D:4      | 2563 ||| ZAPPING wand of flame (23) at 1,0 (black bear;
                  | floor).
  2564 | D:4      | 2564 ||| ZAPPING wand of flame (22) at 1,0 (black bear;
                  | floor).
  2565 | D:4      | 2565 ||| ZAPPING wand of flame (21) at 1,0 (black bear;
                  | floor).
  2566 | D:4      | Reached skill level 6 in Dodging
  2607 | D:4      | Found a snail-covered altar of Cheibriados.
  3267 | D:4      | 3267 ||| READING 2 scrolls of identify.
  3267 | D:4      | 3267 ||| IDENTIFYING metallic dark potion
  3268 | D:4      | 3268 ||| READING scroll of identify.
  3268 | D:4      | 3268 ||| IDENTIFYING golden potion
  3269 | D:4      | 3269 ||| DROPPING potion of invisibility.
  3311 | D:5      | Entered Level 5 of the Dungeon
  3337 | D:5      | Reached skill level 7 in Ranged Weapons
  3337 | D:5      | Reached XP level 7. HP: 27/35 MP: 8/8
  3428 | D:5      | HP: 5/35 [gnoll/+0 flail[a gnoll bouda] (7)]
  3429 | D:5      | 3429 ||| READING 5 scrolls of teleportation.
  3429 | D:5      | Slain by a gnoll

Levels and vault maps discovered:
D:1:      dpeg_arrival_ratfight, layout_loops_ring, nicolae_shop_vocational
D:2:      layout_basic, serial_shops, shop, basic_altar, minmay_misc_feat_roman,
          uniq_crazy_yiuf_cottage
D:3:      layout_basic, bloody_makhleb, nicolae_uskayaw_en_pointe,
          serial_bayou_pond_d, minmay_ogre_servants
D:4:      layout_gridville, mainiacjoe_overflow_surrounded_room,
          amcnicky_mini_corridor_feature
D:5:      layout_layer_cave, kennysheep_mini, minmay_temple_entry_sparse_star,
          uniq_sigmund, uniq_blork_the_orc

Skill      XL: |  1  2  3  4  5  6 |
---------------+-------------------+-----
Dodging        | 3 4 5 6 |  6.6
Ranged Weapons | 5 6 7 |  7.1
Fighting       | 2 |  2.1
Stealth        | |  1.5

Action                     |  1- 3 |  4- 6 |  7- 9 || total
---------------------------+-------+-------+-------++-------
   Fire: Shortbow          |    72 |   199 |    21 ||   292
  Evoke: Wand              |       |     3 |       ||     3
    Use: Potion            |     3 |       |       ||     3
         Scroll            |     2 |     8 |     1 ||    11
 Armour: Robe              |     3 |    24 |     6 ||    33
  Dodge: Dodged            |    15 |    86 |    20 ||   121

Table legend:
 A = Non-vault XP
 B = Vault XP
 C = Vault XP percentage of total XP
 D = Non-vault monster count
 E = Vault monster count
 F = Vault count percentage of total count
                 A         B        C        D         E       F
            +---------+---------+-------+---------+---------+-------
      Total |     713 |     137 |  16.1 |      90 |      14 |  13.5
            +---------+---------+-------+---------+---------+-------
        D:1 |      21 |       5 |  19.2 |      14 |       5 |  26.3
        D:2 |     116 |       0 |   0.0 |      23 |       0 |   0.0
        D:3 |     129 |     132 |  50.6 |      23 |       9 |  28.1
        D:4 |     258 |       0 |   0.0 |      26 |       0 |   0.0
        D:5 |     189 |       0 |   0.0 |       4 |       0 |   0.0
            +---------+---------+-------+---------+---------+-------
